 Dungeon Crawl Stone Soup version 0.15-a0-198-g2f4809b (webtiles) character file.

212 PolkaDot the Caller (level 4, -3/30 HPs)
             Began as a Vampire Summoner on Apr 23, 2014.
             Slain by a killer bee (7 damage)
             ... on Level 3 of the Dungeon.
             The game lasted 00:06:33 (1428 turns).

PolkaDot the Caller (Vampire Summoner)              Turns: 1428, Time: 00:06:33

HP  -3/30        AC 10     Str  7      XL: 4   Next: 19%
MP   1/7         EV 11     Int 18      God:
Gold 131         SH  9     Dex 14      Spells:  2 memorised,  3 levels left

rFire  + . .     SeeInvis +     m - +1,+0 dagger (venom)
rCold  + . .     Clarity  .     a - +0 robe
rNeg   . . .     Conserve .     j - +2 buckler
rPois  +         rCorr    .     (no helmet)
rElec  +         rRot     .     e - +0 cloak
SustAb . .       Spirit   .     (no gloves)
rMut   .         Warding  .     o - +0 pair of boots
Saprov . . .     Stasis   .     (no amulet)
MR     .....                    h - ring of wizardry
                                f - +6 ring of protection

@: regenerating quickly, very slightly contaminated, not resistant to hostile
enchantments, stealthy
A: fangs 3, see invisible, unbreathing
a: no special abilities


You were on level 3 of the Dungeon.
You were full.

You visited 1 branch of the dungeon, and saw 3 of its levels.

You collected 131 gold pieces.

Inventory:

Hand weapons
 m - a +1,+0 dagger of venom (weapon)
Armour
 a - a +0 robe (worn)
 e - a +0 cloak (worn)
 j - a +2 buckler (worn)
 o - a +0 pair of boots (worn)
Scrolls
 d - a scroll of identify
 p - a scroll of remove curse {unknown}
Jewellery
 f - a +6 ring of protection (left hand)
 h - a ring of wizardry (right hand)
Potions
 c - a potion of curing
 i - 2 potions of haste {unknown}
 n - a potion of invisibility {unknown}
Books
 b - a book of Callings

   Spells                             Type                      Level
   *Summon Small Mammal               Summoning                    1
   Call Imp                           Summoning                    2
   *Call Canine Familiar              Summoning                    3
   Summon Guardian Golem              Hexes/Summoning              4
   Summon Lightning Spire             Summoning/Air                4
   Summon Ice Beast                   Ice/Summoning                4
 k - a book of Minor Magic

   Spells                             Type                      Level
   Magic Dart                         Conjuration                  1
   Blink                              Translocation                2
   Call Imp                           Summoning                    2
   Repel Missiles                     Charms/Air                   2
   Slow                               Hexes                        2
   Conjure Flame                      Conjuration/Fire             3
   Mephitic Cloud                     Conjuration/Poison/Air       3


   Skills:
 + Level 2.1 Dodging
 - Level 3.0 Stealth
 - Level 2.0 Spellcasting
 * Level 5.7 Summonings


You had 3 spell levels left.
You knew the following spells:

 Your Spells              Type           Power        Failure   Level  Hunger
a - Summon Small Mammal   Summ           ###.         1%          1    #......
c - Call Canine Familiar  Summ           ###.....     3%          3    ####...


Dungeon Overview and Level Annotations

Branches:
Dungeon (3/15)

Altars:


Innate Abilities, Weirdness & Mutations

Your natural rate of healing is unusually fast.
You have razor-sharp teeth.*
You have supernaturally acute eyesight.
You can survive without breathing.*


Message History

Your hound's corpse disappears in a puff of smoke!
The killer bee misses your quokka.
Your quokka bites the killer bee.
The killer bee stings your quokka.
Your quokka completely misses the killer bee.
The killer bee completely misses your quokka.
The killer bee closely misses your quokka.
Your quokka bites the killer bee.
The killer bee stings your quokka.
Your quokka dies!
Your quokka's corpse disappears in a puff of smoke!
Unknown command.
The killer bee closely misses you. The killer bee stings you.
You miss the killer bee.
The killer bee is severely wounded.
The killer bee stings you! x2
The killer bee stings you.
* * * LOW HITPOINT WARNING * * *
The killer bee stings you.
* * * LOW HITPOINT WARNING * * *
The killer bee stings you!
You die...

. .. ..# . ... #.#
....### #.#
k##...#### #.#
.........# #.#
.........#######.#
............k.k..#
.........######k.###
........$#
#.@..#####
.........#
##.#.......
.........# #<.######
...).....# ##.#
.........# #.#
.######.## #.# . ..#
#.# . ### #.# #.#


You could see 2 killer bees.

Vanquished Creatures
  A gnoll (D:1)
  2 adders (D:2)
  A giant mite (D:1)
  A worm (D:2)
  5 hobgoblins
  3 jackals (D:2)
  6 kobolds
  A quokka (D:2)
  4 bats
  2 giant cockroaches (D:2)
  A giant gecko (D:2)
  A giant newt (D:2)
  6 goblins
  3 rats (D:2)
37 creatures vanquished.

Vanquished Creatures (collateral kills)
  An adder (D:2)
1 creature vanquished.

Vanquished Creatures (others)
  2 hounds (D:3)
  5 quokkas
  A rat (D:1)
8 creatures vanquished.

Grand Total: 46 creatures vanquished

Notes
Turn   | Place    | Note
--------------------------------------------------------------
     0 | D:1      | PolkaDot, the Vampire Summoner, began the quest for the Orb.
     0 | D:1      | Reached XP level 1. HP: 13/13 MP: 3/3
   113 | D:1      | Reached XP level 2. HP: 19/19 MP: 4/4
   636 | D:2      | Reached skill level 5 in Summonings
   640 | D:2      | Reached XP level 3. HP: 24/24 MP: 6/6
  1187 | D:2      | Reached XP level 4. HP: 21/30 MP: 7/7
  1246 | D:2      | Learned a level 3 spell: Call Canine Familiar
  1428 | D:3      | Slain by a killer bee

Action                   |  1- 3 |  4- 6 || total
-------------------------+-------+-------++-------
Melee: Unarmed           |    10 |       ||    10
       Dagger            |   102 |    22 ||   124
 Cast: Summon Small Mamm |     8 |     2 ||    10
       Call Canine Famil |       |     2 ||     2
  Use: Potion            |     1 |     1 ||     2
       Scroll            |       |     2 ||     2
 Stab: Sleeping          |     7 |     1 ||     8
